 Dungeon Crawl Stone Soup version 0.29.1-15-g9cfb28693d (webtiles) character file.

Game seed: 13418444108368715330

804 boopmooplesden the Covered (level 7, -3/61 HPs)
             Began as a Minotaur Fighter on Mar 8, 2023.
             Slain by a gnoll
             ... wielding a +0 halberd
             ... led by a gnoll sergeant
              (6 damage)
             ... on level 5 of the Dungeon.
             The game lasted 00:04:40 (4451 turns).

boopmooplesden the Covered (Minotaur Fighter)       Turns: 4451, Time: 00:04:40

Health: -3/61      AC: 15    Str: 22    XL:     7   Next: 60%
Magic:  0/6        EV:  6    Int:  5    God:
Gold:   250        SH:  5    Dex: 10    Spells: 6/6 levels left

rFire   . . .      SeeInvis .   q - +7 whip of Big Damage {vamp, rCorr Stlth+}
rCold   . . .      Faith    .   c - +0 buckler
rNeg    . . .      Spirit   .   l - +0 plate armour
rPois   .          Reflect  .   (helmet restricted)
rElec   .          Harm     .   (no cloak)
rCorr   +          Rampage  .   (no gloves)
Will    .....                   m - +1 pair of boots
Stlth   ..........              (no amulet)
HPRegen 0.20/turn               (no ring)
MPRegen 0.10/turn               (no ring)

@: no status effects
A: horns 2, retaliatory headbutt
a: no special abilities


You were on level 5 of the Dungeon.
You visited 1 branch of the dungeon, and saw 5 of its levels.

You collected 250 gold pieces.

Inventory:

Hand Weapons
 a - a +1 trident
 q - the +7 whip of Big Damage (weapon) {vamp, rCorr Stlth+}
   (You found it on level 2 of the Dungeon)

   It occasionally heals its wielder for a portion of the damage dealt when it
   wounds a living foe.
   rCorr:     It protects you from acid and corrosion.
   Stlth:     It makes you more stealthy.
Armour
 b - a +0 scale mail
 c - a +0 buckler (worn)
 l - a +0 plate armour (worn)
 m - a +1 pair of boots (worn)
Jewellery
 e - a ring of flight
 i - an amulet of guardian spirit
 s - a ring of willpower
Wands
 o - a wand of flame (16)
Potions
 d - 2 potions of might
 f - a potion of degeneration
 h - 2 potions of lignification
 j - a potion of cancellation
 k - a potion of haste
 n - 2 potions of heal wounds {unknown}
 r - a potion of attraction {unknown}
 t - a potion of curing
 u - a potion of flight {unknown}


   Skills:
 + Level 5.5 Fighting
 + Level 4.8 Maces & Flails
 + Level 4.1 Polearms
 + Level 7.0 Armour
 + Level 0.3 Dodging
 + Level 4.9 Shields


You had 6 spell levels left.
You didn't know any spells.
Your spell library contained the following spells:

 Spells                   Type           Power      Damage    Failure   Level
 Apportation              Tloc           0%         N/A       100%        1
 Ozocubu's Armour         Ice            0%         N/A       100%        3
 Yara's Violent Unravell  Hex/Tmut       0%         3d3       100%        5
 Ozocubu's Refrigeration  Ice            0%         4d7       100%        7
 Discord                  Hex            0%         N/A       100%        8


Dungeon Overview and Level Annotations

Branches:
Dungeon (5/15)             Temple (0/1) D:4

Altars:
Ru
Sif Muna
Uskayaw

Shops:
D:1 ?   D:4 !


Innate Abilities, Weirdness & Mutations

You have a pair of horns on your head.
You reflexively headbutt those who attack you in melee.


Message History

You hit the gnoll sergeant.
You feel better.
The gnoll sergeant is severely wounded.
You barely miss the gnoll sergeant.
Your headbutt misses the gnoll sergeant.
The gnoll sergeant is severely wounded.
The gnoll sergeant hits you but does no damage.
The gnoll hits you with a +0 halberd! The gnoll hits you with a +0 spear!
An orc priest comes into view. It is wielding a +0 mace.
Unknown command.
You barely miss the gnoll sergeant.
Your headbutt misses the gnoll sergeant.
The gnoll sergeant is severely wounded.
The gnoll hits you but does no damage. x2
The gnoll sergeant hits you with a +1 antimagic spear!
You feel your power leaking away.
You hit the gnoll sergeant.
You feel better.
The gnoll sergeant is severely wounded.
You block the gnoll's attack. The gnoll hits you with a +0 halberd.
The gnoll sergeant hits you with a +1 antimagic spear.
Unknown command.
You barely miss the gnoll sergeant. You headbutt the gnoll sergeant.
The gnoll sergeant is severely wounded.
You block the gnoll sergeant's attack. The gnoll hits you with a +0 halberd.
The gnoll hits you but does no damage.
You hit the gnoll sergeant but do no damage.
The gnoll sergeant is severely wounded.
You block the gnoll's attack. The gnoll hits you but does no damage.
The gnoll sergeant hits you with a +1 antimagic spear.
* * * LOW HITPOINT WARNING * * *
The orc attacks as you move away! The orc hits you but does no damage.
The gnoll attacks as you move away! The gnoll hits you with a +0 halberd.
* * * LOW HITPOINT WARNING * * *
You block the gnoll's attack. The gnoll sergeant barely misses you.
The gnoll hits you from afar with a +0 halberd.
* * * LOW HITPOINT WARNING * * *
There is a stone staircase leading up, spattered with blood here.
The gnoll hits you from afar with a +0 spear!
* * * LOW HITPOINT WARNING * * *
The gnoll hits you from afar with a +0 halberd.
You die...

######)....####
#........#
#........+
#.....8..+
#........+
#o{o.....#
#ggg..####
#.)......#
#@o...#.....
##..####.##.
#...###.##
#....##..# .
##....#.#####...
####....))..>..##
###.##...##)......#
#.........##.##..##
###.......# ## .#


You could see a gnoll sergeant, an orc priest, 2 gnolls and 2 orcs.

Vanquished Creatures
  An ogre (D:4)
  A phantom (D:4)
  A gnoll sergeant (D:5)
  4 hounds
  A jelly (D:4)
  2 orc priests
  3 orc wizards
  8 adders
  15 gnolls
  A worm (D:2)
  3 dart slugs
  9 orcs
  6 ball pythons
  6 endoplasms
  A giant cockroach (D:1)
  11 goblins
  7 hobgoblins
  A quokka (D:2)
  2 bats (D:3)
  2 frilled lizards (D:1)
  9 kobolds
  3 rats (D:3)
97 creatures vanquished.

Vanquished Creatures (others)
  3 fungi (D:3)
  5 plants (D:3)
8 creatures vanquished.

Grand Total: 105 creatures vanquished

Notes
Turn   | Place    | Note
-------+----------+-------------------------------------------
     0 | D:1      | boopmooplesden the Minotaur Fighter began the quest for the
                  | Orb.
     0 | D:1      | Reached XP level 1. HP: 19/19 MP: 0/0
   163 | D:1      | Found Zigomuv's Magic Scroll Boutique.
   167 | D:1      | Reached XP level 2. HP: 27/27 MP: 1/1
   714 | D:2      | Reached skill level 4 in Armour
   714 | D:2      | Reached XP level 3. HP: 30/33 MP: 2/2
  1015 | D:2      | Reached XP level 4. HP: 40/40 MP: 3/3
  1019 | D:2      | Identified the +7 whip of Big Damage {vamp, rCorr Stlth+}
  1644 | D:3      | Found a hide-covered altar of Uskayaw.
  1679 | D:3      | Reached skill level 1 in Maces & Flails
  1932 | D:3      | Found a faded altar of an unknown god.
  1937 | D:3      | Found a shimmering blue altar of Sif Muna.
  2003 | D:3      | Reached XP level 5. HP: 47/47 MP: 4/4
  2010 | D:3      | Found a sacrificial altar of Ru.
  2141 | D:3      | Reached skill level 5 in Armour
  2407 | D:3      | Found a faded altar of an unknown god.
  2451 | D:3      | Got the Spellbook of Captivating Shifting
  2788 | D:4      | Noticed an ogre
  2794 | D:4      | Killed an ogre
  2795 | D:4      | Reached skill level 5 in Fighting
  2795 | D:4      | Reached XP level 6. HP: 53/56 MP: 5/5
  3041 | D:4      | Reached skill level 6 in Armour
  3557 | D:4      | Found a staircase to the Ecumenical Temple.
  3568 | D:4      | Found Eteumuda's Distillery.
  3901 | D:5      | Entered Level 5 of the Dungeon
  3930 | D:5      | Reached XP level 7. HP: 61/61 MP: 6/6
  4038 | D:4      | Reached skill level 7 in Armour
  4451 | D:5      | HP: 3/61 [gnoll/+0 spear[a gnoll sergeant] (7)]
  4451 | D:5      | Slain by a gnoll

Illustrated notes

Levels and vault maps discovered:
D:1:      co_arrival_square_in_a_square_in_a_square, layout_rooms, serial_shops,
          nicolae_shop_waterfront
D:2:      layout_basic, minmay_fractal_squares_gapless_5
D:3:      layout_loops_corners, nicolae_overflow_ecumenical_swirl,
          nicolae_overflow_squiral, dreamdust_ecumenical_altar_grove,
          cheibrodos_gnoll_hut
D:4:      layout_loops_corners, minmay_temple_entry_waves, serial_shops,
          nicolae_shop_statue_plus
D:5:      layout_cave_pools, kennysheep_mini, slow_altar_2,
          ebering_ghost_disaster_area

Skill      XL: |  1  2  3  4  5  6  7 |
---------------+----------------------+-----
Fighting       | 4 5 |  5.5
Shields        | 4 |  4.9
Armour         | 4 5 6 7 |  7.0
Polearms       | 3 4 |  4.1
Maces & Flails | 1 2 3 4 |  4.8
Dodging        | |  0.3

Action                   |  1- 3 |  4- 6 |  7- 9 || total
-------------------------+-------+-------+-------++-------
Melee: Trident           |    72 |     2 |       ||    74
       Headbutt          |    12 |    14 |    12 ||    38
       Whip              |       |   133 |    50 ||   183
  Use: Scroll            |     2 |    10 |       ||    12
       Potion            |       |     1 |       ||     1
Armor: Scale mail        |     7 |       |       ||     7
       Plate armour      |    43 |   120 |    48 ||   211
Dodge: Dodged            |    23 |    39 |    16 ||    78
Block: Buckler           |    10 |    33 |    14 ||    57
